 Dungeon Crawl Stone Soup version 0.28-a0-793-g31680bbd8b (webtiles) character file.

Game seed: 17343339610035645456

410 funkygono the Firebug (level 6, -2/33 HPs)
             Began as a Gargoyle Fire Elementalist on Nov 3, 2021.
             Slain by Pikel (9 damage)
             ... on level 4 of the Dungeon.
             The game lasted 00:09:57 (5438 turns).

funkygono the Firebug (Gargoyle Fire Elementalist)  Turns: 5438, Time: 00:09:57

Health: -2/33      AC:  9    Str: 12    XL:     6   Next: 89%
Magic:  3/12       EV: 12    Int: 17    God:
Gold:   250        SH:  0    Dex: 10    Spells: 2/13 levels left

rFire   . . .      SeeInvis .   q - +0 flail (protect)
rCold   . . .      Faith    .   (no shield)
rNeg    + . .      Spirit   .   a - +0 robe
rPois   ∞          Reflect  .   (no helmet)
rElec   +          Harm     .   l - +2 cloak
rCorr   .          Rampage  .   (no gloves)
Will    .....                   (no boots)
Stlth   ++........              (no amulet)
HPRegen 0.11/turn               (no ring)
MPRegen 0.13/turn               (no ring)

@: no status effects
A: sickness immunity, AC +4, negative energy resistance 1, electricity
resistance, torment resistance 1, petrification resistance
a: no special abilities


You were on level 4 of the Dungeon.
You visited 1 branch of the dungeon, and saw 4 of its levels.

You collected 250 gold pieces.

Inventory:

Hand Weapons
 h - a +0 whip
 k - a +2 quarterstaff of chaos
 m - a +0 mace
 q - a +0 flail of protection (weapon)
Missiles
 c - 100 stones
Armour
 a - a +0 robe (worn)
 l - a +2 cloak (worn)
 p - a +2 tower shield
Jewellery
 o - a ring of magical power
Scrolls
 b - 2 scrolls of fog
 e - a scroll of amnesia
 f - a scroll of magic mapping {unknown}
 g - 4 scrolls of identify
 n - a scroll of torment {unknown}
Potions
 d - a potion of magic
 i - a potion of lignification
 j - a potion of flight {unknown}


   Skills:
 + Level 0.3 Fighting
 + Level 0.2 Maces & Flails
 + Level 1.8 Dodging
 - Level 2.1 Stealth
 * Level 4.3 Spellcasting
 * Level 2.7 Conjurations
 * Level 5.0 Fire Magic
 * Level 1.9 Earth Magic


You had 2 spell levels left.
You knew the following spells:

 Your Spells              Type           Power      Damage    Failure   Level
a - Foxfire               Conj/Fire      64%        2x1d7     3%          1
b - Scorch                Fire           40%        2d7       3%          2
c - Conjure Flame         Conj/Fire      16%        6-21      10%         3
d - Flame Wave            Conj/Fire      16%        3d5       30%         4
j - Sandblast             Erth           20%        2d7       7%          1

Your spell library contained the following spells:

 Spells                   Type           Power      Damage    Failure   Level
 Passwall                 Tmut/Erth      5%         N/A       16%         2
 Inner Flame              Hex/Fire       12%        N/A       16%         3
 Stone Arrow              Conj/Erth      22%        3d8       19%         3
 Petrify                  Tmut/Erth      6%         N/A       71%         4
 Irradiate                Conj/Tmut      4%         3d15      94%         5
 Sublimation of Blood     Necr           Unusable   N/A       N/A         2

Dungeon Overview and Level Annotations

Branches:
Dungeon (4/15)
 Temple: D:4-7

Altars:

Shops:
D:1 =

Annotations:
D:4 Eustachio, Pikel


Innate Abilities, Weirdness & Mutations

You are immune to sickness and miasma.
Your stone body is resilient. (AC +4)
You are immune to poison.
You resist negative energy. (rN+)
You are resistant to electric shocks. (rElec)
You are resistant to unholy torment.
You are immune to petrification.


Message History

Confirm with . or Enter, or press ? or * to list all spells.
Aiming: Sandblast (safe; 7% risk of failure)
Press: ? - help, Shift-Dir - straight line, f - Pikel
Aim: Pikel, wielding a +2 whip of freezing and wearing a +0 robe (almost dead, ally target, 74% to hit)
You miscast Sandblast.
You are very lightly contaminated with residual magic.
Nothing appears to happen.
The foxfire hits the lemure.
The lemure is lightly wounded.
Pikel cracks his whip.
Pikel hits you but does no damage. The lemure hits you.
The lemure hits you but does no damage.
Casting: Sandblast (safe; 7% risk of failure)
Confirm with . or Enter, or press ? or * to list all spells.
Aiming: Sandblast (safe; 7% risk of failure)
Press: ? - help, Shift-Dir - straight line, f/p - Pikel
Aim: Pikel, wielding a +2 whip of freezing and wearing a +0 robe (almost dead, 74% to hit)
The blast of sand hits Pikel but does no damage.
Pikel is almost dead.
c - 100 stones Pikel completely misses you.
The lemure hits you but does no damage. The lemure hits you.
* * * LOW HITPOINT WARNING * * *
The lemure hits you.
* * * LOW HITPOINT WARNING * * *
Casting: Sandblast (safe; 7% risk of failure)
Confirm with . or Enter, or press ? or * to list all spells.
You don't know that spell.
Unknown command.
The lemure barely misses you.
There is an open door here.
Your magical contamination has completely faded away.
Pikel says, "Hell isn't that bad."
Pikel says, "You'll feel the lick of my whip!"
There is a broken door here.
Things that are here:
a boomerang; a +0 club Pikel closely misses you.
There is a stone staircase leading up here.
Pikel hits you with a +2 whip of freezing!
You die...

......#.......# #.........#
......#.......#####..######.#
###+#.#.......'555.....# #.#
### #.#.......######...# #.#
r.#+#..............#5..# #.#
.5.......###'#.###.#5..# #.#
..5......# #.#.#.#.#...# #.#
.........# #.#.#.#.#5.># #.#
.........# #.#.#@#.#.#.# #.#
.........#
#.#.#.K5#'#'####.#####
.........#
#.#.###[(.....##......
.........#
#.#...'.......########
###'#....+ #.#####.......#
#†##...# #.# #.'.......#
#.##...# #.#
#.#.......######## ..##...#
#.# #.#.......#......# #.#
#### #.###.#.......#.####.#


You could see Pikel and a lemure.

Vanquished Creatures
  An ogre (D:3)
  A lemure (D:4)
  A hound (D:4)
  Crazy Yiuf (D:2)
  2 iguanas
  2 orc wizards (D:4)
  4 gnolls (D:3)
  2 adders
  A worm (D:2)
  4 dart slugs
  10 orcs
  9 ball pythons
  6 bats
  9 endoplasms
  7 giant cockroaches
  5 goblins
  8 hobgoblins
  3 quokkas
  7 frilled lizards
  3 kobolds
  4 rats (D:1)
90 creatures vanquished.

Vanquished Creatures (collateral kills)
  5 foxfires (D:2)
5 creatures vanquished.

Vanquished Creatures (others)
  277 foxfires
277 creatures vanquished.

Grand Total: 372 creatures vanquished

Notes
Turn   | Place    | Note
-------+----------+-------------------------------------------
     0 | D:1      | funkygono the Gargoyle Fire Elementalist began the quest
                  | for the Orb.
     0 | D:1      | Reached XP level 1. HP: 10/10 MP: 3/3
   101 | D:1      | Reached XP level 2. HP: 15/15 MP: 0/5
   106 | D:1      | Learned a level 2 spell: Scorch
   771 | D:1      | Reached XP level 3. HP: 19/19 MP: 3/6
   775 | D:1      | Learned a level 3 spell: Conjure Flame
   952 | D:1      | Found Magul's Jewellery Boutique.
  1322 | D:2      | Found a faded altar of an unknown god.
  1509 | D:2      | Reached XP level 4. HP: 24/24 MP: 6/8
  2109 | D:2      | Found a runed translucent door.
  2110 | D:2      | Noticed Crazy Yiuf
  2293 | D:2      | Killed Crazy Yiuf
  2294 | D:2      | Reached skill level 4 in Fire Magic
  3092 | D:3      | Reached XP level 5. HP: 28/28 MP: 5/10
  3094 | D:3      | Learned a level 1 spell: Sandblast
  3427 | D:3      | Learned a level 4 spell: Flame Wave
  3780 | D:4      | Reached XP level 6. HP: 13/32 MP: 5/11
  3972 | D:4      | Reached skill level 1 in Earth Magic
  3992 | D:4      | Noticed Eustachio
  4724 | D:4      | Reached skill level 5 in Fire Magic
  4984 | D:4      | Noticed Pikel
  5438 | D:4      | Slain by Pikel

Illustrated notes

Levels and vault maps discovered:
D:1:      scummos_arrival_gate, layout_basic, serial_shops, shop
D:2:      layout_loops_ring, dreamdust_ecumenical_altar_grove,
          hangedman_decor_lopped, uniq_crazy_yiuf_cottage
D:3:      layout_basic
D:4:      layout_basic, uniq_duvessa, uniq_pikel, uniq_eustachio

Skill      XL: |  1  2  3  4  5  6 |
---------------+-------------------+-----
Spellcasting   | 3 4 |  4.3
Conjurations   | 2 |  2.7
Fire Magic     | 4 5 |  5.0
Earth Magic    | 1 |  1.9
Fighting       | |  0.3
Maces & Flails | |  0.2
Dodging        | |  1.8
Stealth        | |  2.1

Action                   |  1- 3 |  4- 6 || total
-------------------------+-------+-------++-------
Melee: Unarmed           |    10 |       ||    10
       Whip              |       |    29 ||    29
 Cast: Foxfire           |    46 |   115 ||   161
       Scorch            |    11 |    18 ||    29
       Sandblast         |       |    22 ||    22
  Use: Scroll            |       |     9 ||     9
       Potion            |       |     1 ||     1
Armor: Robe              |     5 |    39 ||    44
Dodge: Dodged            |     8 |    75 ||    83

Table legend: (Time is in decaauts)
 A = Elapsed time spent in this place.
 B = Non-inter-level travel time spent in this place.
 C = Inter-level travel time spent in this place.
 D = Time resting spent in this place.
 E = Time spent auto-exploring this place.
 F = Levels seen in this place.
 G = Mean time per level.
                   A        B        C        D        E       F      G
               +--------+--------+--------+--------+--------+-----+--------+
         Total |   5445 |   5341 |    104 |    212 |   4099 |   4 | 1361.2 |
       Dungeon |   5445 |   5341 |    104 |    212 |   4099 |   4 | 1361.2 |
               +--------+--------+--------+--------+--------+-----+--------+

Top non-repeatable levels by time:
     D:3: 1778 daAuts
     D:2: 1336 daAuts
     D:4: 1231 daAuts
     D:1: 1099 daAuts
